Atomiques vs Remparts
Created - February 22, 2018 at 22:17
Goals
|
| Atomiques |
2 |
1 |
3 |
6 |
| Remparts |
0 |
1 |
2 |
3 |
|
Shots
|
| Atomiques |
6 |
11 |
9 |
26 |
| Remparts |
12 |
11 |
16 |
39 |
|
1st period
1. Atomiques , Kenndal McArdle 30 (Corey Tropp 20, Tyler Brenner 45) at 9:13
2. Atomiques , Marc-André Cliche 13 (Dwight King 34, Eric Mestery 6) at 19:00
Penalties :
Tyler Brenner (STB) for Boarding (Minor) at 5:31, Corey Tropp (STB) for Holding (Minor) at 19:23
2nd period
3. Remparts , Dainius Zubrus 7 (Ryan Strome 24, Alex Galchenyuk 38) at 8:07
4. Atomiques , Dwight King 28 (Steve McCarthy 22, Marc-André Cliche 26) at 11:54
Penalties :
Bobby Farnham (STB) for Tripping (Minor) at 15:52
3rd period
5. Remparts , Alex Galchenyuk 32 (Ryan Strome 25) at 9:51 (PP)
6. Atomiques , Andreas Engqvist 12 (Brett Sutter 24, Kyle Wharton 11) at 12:51
7. Remparts , Max Reinhart 16 (Kris Russell 12) at 15:24
8. Atomiques , Bobby Farnham 6 (Dwight King 35, Colby Cohen 10) at 18:41
9. Atomiques , Andrew Kozek 14 (Brett Sutter 25) at 18:51
Penalties :
Bobby Farnham (STB) for Hooking (Minor) at 2:25, Bobby Farnham (STB) for Hooking (Minor) at 6:52, Kyle Wharton (STB) for Tripping (Minor) at 9:50
Goalie Stats
Sergei Bobrovsky (STB), 36 saves from 39 shots - (0.923), W, 24-14-3, 60:00 minutes
Igor Bobkov (Que), 20 saves from 26 shots - (0.769), L, 10-7-2, 60:00 minutes
Players Stats for Atomiques
Player Name G A P +/- PIM S H SB GA TA FO MP PP MP PK MP
------------------------------------------------------------------------------------
Andreas Engqvist 1 0 1 1 0 2 2 0 1 0 0/2 6:43 0:00 0:00
Andrew Kozek 1 0 1 1 0 2 1 1 0 0 0/1 13:57 0:00 2:17
Bobby Farnham 1 0 1 2 6 1 0 1 0 0 1/3 16:02 0:00 0:00
Brett Sutter 0 2 2 1 0 1 2 0 0 1 1/4 14:22 0:00 2:48
Brock McGinn 0 0 0 1 0 2 1 0 0 0 0/0 6:43 0:00 0:00
Colby Cohen 0 1 1 3 0 0 0 0 0 0 0/0 10:01 0:00 0:01
Corey Tropp 0 1 1 0 2 2 0 1 0 0 0/0 15:41 0:00 0:00
Darren Kramer 0 0 0 -1 0 0 2 0 0 0 3/18 9:11 0:00 0:28
Dwight King 1 2 3 2 0 5 3 1 2 0 0/0 17:33 0:00 2:20
Eric Gustafsson 0 0 0 0 0 0 0 0 0 0 0/0 4:44 0:00 0:00
Eric Mestery 0 1 1 3 0 0 1 0 0 2 0/0 10:00 0:00 0:00
Fredrik Claesson 0 0 0 0 0 0 0 0 0 0 0/0 0:00 0:00 0:00
John Draeger 0 0 0 0 0 0 0 0 0 0 0/0 4:44 0:00 0:00
Jonas Junland 0 0 0 0 0 2 1 1 0 0 0/0 20:56 0:00 4:35
Joseph Cramarossa 0 0 0 0 0 0 0 0 0 0 0/0 0:00 0:00 0:00
Kenndal McArdle 1 0 1 0 0 3 1 2 1 0 0/1 21:47 0:00 5:19
Kyle Wharton 0 1 1 1 2 2 1 3 0 2 0/0 24:18 0:00 5:20
Marc-André Cliche 1 1 2 2 0 1 3 1 0 0 4/11 17:33 0:00 2:20
Max McCormick 0 0 0 1 0 1 0 0 0 0 0/0 6:43 0:00 0:00
Mike Halmo 0 0 0 0 0 0 0 1 0 0 1/7 3:50 0:00 2:57
Mitch Callahan 0 0 0 1 0 0 1 0 0 0 1/1 11:13 0:00 0:00
Shayne Gostisbehere 0 0 0 0 0 0 0 1 0 2 0/0 20:56 0:00 4:35
Steve McCarthy 0 1 1 1 0 1 1 2 2 1 0/0 24:20 0:00 5:21
Tyler Brenner 0 1 1 1 2 1 2 0 1 0 5/11 8:41 0:00 1:23
Players Stats for Remparts
Player Name G A P +/- PIM S H SB GA TA FO MP PP MP PK MP
------------------------------------------------------------------------------------
Alex Galchenyuk 1 1 2 0 0 7 1 1 2 2 2/2 21:09 4:48 0:00
Cédric Lalonde-McNicoll 0 0 0 -2 0 2 2 0 1 0 6/6 11:47 0:00 0:00
Chris Mueller 0 0 0 -1 0 1 1 1 0 0 2/5 8:47 0:00 0:00
Cody Ceci 0 0 0 -1 0 1 2 1 0 0 0/0 26:35 3:59 0:00
Dainius Zubrus 1 0 1 0 0 2 2 0 0 0 17/28 21:03 4:42 0:00
Dale Weise 0 0 0 -1 0 0 3 1 0 0 0/0 8:25 0:00 0:00
Daniel Paille 0 0 0 -1 0 5 2 1 0 0 1/1 18:37 4:57 0:00
Erik Gustafsson 0 0 0 -1 0 1 0 1 0 0 0/0 11:03 0:00 0:00
Guillaume Desbiens 0 0 0 -1 0 2 3 0 1 0 0/0 18:36 4:57 0:00
Justin Williams 0 0 0 -2 0 3 1 0 1 0 0/0 11:50 0:11 0:00
Kris Russell 0 1 1 -1 0 5 1 2 1 2 0/0 27:11 5:22 0:00
Max Reinhart 1 0 1 -1 0 2 1 0 0 0 12/14 18:36 4:57 0:00
Michal Jordan 0 0 0 -1 0 3 1 2 0 0 0/0 12:05 0:35 0:00
Mike Weber 0 0 0 -2 0 0 0 0 0 0 0/0 21:52 5:57 0:00
Pasi Salonen 0 0 0 -2 0 0 0 0 1 1 1/1 12:19 0:29 0:00
Patrick Maroon 0 0 0 -1 0 1 0 0 0 0 0/0 8:51 0:00 0:00
Ryan Strome 0 2 2 0 0 4 2 0 1 0 2/2 21:04 4:47 0:00
William Colbert 0 0 0 -2 0 0 1 1 0 2 0/0 20:10 3:59 0:00
3 Stars
1 - Dwight King (STB)
2 - Marc-André Cliche (STB)
3 - Andreas Engqvist (STB)
Power Play
Atomiques - 0 on 0 Attempt(s) - 0.00%
Remparts - 1 on 6 Attempt(s) - 16.67%
Penalty Kill
Atomiques - 5 on 6 Attempt(s) - 83.33%
- Score 0 goal in Penalty Kill
Remparts - 0 on 0 Attempt(s) - 0.00%
- Score 0 goal in Penalty Kill
Team Stat
Atomiques - Hits : 22 - Faceoff Wins : 16 - Blocked Shots : 15 - Penalty Minutes : 12
Remparts - Hits : 23 - Faceoff Wins : 43 - Blocked Shots : 11 - Penalty Minutes : 0
Official
Referees : StLaurent Francois and Kozari Steve
Linesman : Mike Cvik and Steve Miller
Game Notes
Tyler Brenner is injured at 7:53 of 2nd period (Strained Left Elbow)
Finance
Level 1 -- Attendance: 1403 (70.15%) -- Ticket Income $42,090
Level 2 -- Attendance: 771 (77.10%) -- Ticket Income $15,420
Total Attendance: 2174 (72.47%)
Total Ticket Income: $57,510
Other Income: $2,876
Total Income: $60,386
Atomiques
5 vs 5 Forward
Center Left Wing Right Wing Time % Phy DF OF
1 Tyler Brenner Kenndal McArdle Corey Tropp 40 1 2 2
2 Marc-André Cliche Dwight King Bobby Farnham 30 1 2 2
3 Brett Sutter Andrew Kozek Mitch Callahan 20 1 2 2
4 Andreas Engqvist Brock McGinn Max McCormick 10 1 2 2
5 vs 5 Defense
Defense Defense Time % Phy DF OF
1 Steve McCarthy Kyle Wharton 40 1 2 2
2 Jonas Junland Shayne Gostisbehere 30 1 2 2
3 Colby Cohen Eric Mestery 20 1 2 2
4 Eric Gustafsson John Draeger 10 1 2 2
PowerPlay Forward
Center Left Wing Right Wing Time % Phy DF OF
1 Tyler Brenner Kenndal McArdle Corey Tropp 60 1 2 2
2 Marc-André Cliche Dwight King Bobby Farnham 40 1 2 2
PowerPlay Defense
Defense Defense Time % Phy DF OF
1 Steve McCarthy Kyle Wharton 60 1 2 2
2 Jonas Junland Shayne Gostisbehere 40 1 2 2
Penalty Kill 4 Players Forward
Center Wing Time % Phy DF OF
1 Tyler Brenner Kenndal McArdle 60 1 2 2
2 Dwight King Marc-André Cliche 40 1 2 2
Penalty Kill 4 Players Defense
Defense Defense Time % Phy DF OF
1 Steve McCarthy Kyle Wharton 60 1 2 2
2 Jonas Junland Shayne Gostisbehere 40 1 2 2
Penalty Kill - 3 Players Forward
Forward Time % Phy DF OF
1 Tyler Brenner 60 1 2 2
2 Kenndal McArdle 40 1 2 2
Penalty Kill - 3 Players Defense
Defense Defense Time % Phy DF OF
1 Steve McCarthy Kyle Wharton 60 1 2 2
2 Jonas Junland Shayne Gostisbehere 40 1 2 2
4 vs 4 Forward
Center Wing Time % Phy DF OF
1 Tyler Brenner Kenndal McArdle 60 1 2 2
2 Dwight King Marc-André Cliche 40 1 2 2
4 vs 4 Defense
Defense Defense Time % Phy DF OF
1 Steve McCarthy Kyle Wharton 60 1 2 2
2 Jonas Junland Shayne Gostisbehere 40 1 2 2
Last Minutes Offensive
Center Left Wing Right Wing Defense Defense
Tyler Brenner Kenndal McArdle Corey Tropp Steve McCarthy Kyle Wharton
Last Minutes Defensive
Center Left Wing Right Wing Defense Defense
Tyler Brenner Kenndal McArdle Corey Tropp Steve McCarthy Kyle Wharton
Goaltenders
Starting : Sergei Bobrovsky
Backup : Jeremy Smith
Extra Forwards
Normal : Darren Kramer, Joseph Cramarossa, Mike Halmo - PP : Darren Kramer, Joseph Cramarossa - PK : Mike Halmo
Extra Defensemen
Normal : Fredrik Claesson, Colby Cohen, Eric Mestery - PP : Fredrik Claesson - PK : Colby Cohen, Eric Mestery
Penalty Shots
Tyler Brenner, Kenndal McArdle, Dwight King, Marc-André Cliche, Andrew Kozek
Scratches
Anthony Nigro (Back Spasms Injury), Francois Tremblay (Healthy)
Remparts
5 vs 5 Forward
Center Left Wing Right Wing Time % Phy DF OF
1 Dainius Zubrus Alex Galchenyuk Ryan Strome 40 0 2 3
2 Max Reinhart Daniel Paille Guillaume Desbiens 30 0 2 3
3 Cédric Lalonde-McNicoll Pasi Salonen Justin Williams 20 1 3 1
4 Chris Mueller Patrick Maroon Dale Weise 10 1 2 2
5 vs 5 Defense
Defense Defense Time % Phy DF OF
1 Kris Russell Cody Ceci 40 0 2 3
2 Mike Weber William Colbert 30 0 2 3
3 Michal Jordan Erik Gustafsson 20 1 3 1
4 Kris Russell Cody Ceci 10 0 2 3
PowerPlay Forward
Center Left Wing Right Wing Time % Phy DF OF
1 Dainius Zubrus Alex Galchenyuk Ryan Strome 60 1 0 4
2 Max Reinhart Daniel Paille Guillaume Desbiens 40 1 0 4
PowerPlay Defense
Defense Defense Time % Phy DF OF
1 Kris Russell Mike Weber 60 0 2 3
2 William Colbert Cody Ceci 40 0 2 3
Penalty Kill 4 Players Forward
Center Wing Time % Phy DF OF
1 Max Reinhart Patrick Maroon 60 0 4 1
2 Chris Mueller Pasi Salonen 40 0 4 1
Penalty Kill 4 Players Defense
Defense Defense Time % Phy DF OF
1 Cody Ceci Mike Weber 60 1 4 0
2 Erik Gustafsson Kris Russell 40 1 4 0
Penalty Kill - 3 Players Forward
Forward Time % Phy DF OF
1 Max Reinhart 60 0 4 1
2 Chris Mueller 40 0 4 1
Penalty Kill - 3 Players Defense
Defense Defense Time % Phy DF OF
1 Cody Ceci Mike Weber 60 1 4 0
2 Erik Gustafsson Kris Russell 40 1 4 0
4 vs 4 Forward
Center Wing Time % Phy DF OF
1 Dainius Zubrus Alex Galchenyuk 60 0 2 3
2 Max Reinhart Guillaume Desbiens 40 0 2 3
4 vs 4 Defense
Defense Defense Time % Phy DF OF
1 Kris Russell William Colbert 60 0 3 2
2 Mike Weber Cody Ceci 40 1 2 2
Last Minutes Offensive
Center Left Wing Right Wing Defense Defense
Dainius Zubrus Alex Galchenyuk Ryan Strome Kris Russell Mike Weber
Last Minutes Defensive
Center Left Wing Right Wing Defense Defense
Max Reinhart Patrick Maroon Guillaume Desbiens Cody Ceci Mike Weber
Goaltenders
Starting : Igor Bobkov
Backup : Tyler Plante
Extra Forwards
Normal : Ryan Strome, Pasi Salonen, Max Reinhart - PP : Ryan Strome, Pasi Salonen - PK : Guillaume Desbiens
Extra Defensemen
Normal : William Colbert, Cody Ceci, Mike Weber - PP : Cody Ceci - PK : Erik Gustafsson, Cody Ceci
Penalty Shots
Pasi Salonen, Daniel Paille, Justin Williams, Ryan Strome, Dainius Zubrus
Scratches
Johannes Salmonsson (Broken Bone (Right Arm) Injury), Griffin Reinhart (Healthy), Michael Paliotta (Healthy), Anton Zlobin (Healthy), Mitchell Heard (Healthy)
Brandon Mashinter (Healthy), Tim Bozon (Healthy), François Brassard (Healthy)
% Time on Ice - Atomiques
Lines # - Real PCT - Wanted PCT - Time Play
Normal Forward
1 - 34% - 40% - 16:55
2 - 30% - 30% - 15:13
3 - 22% - 20% - 11:13
4 - 13% - 10% - 6:43
Normal Defense
1 - 38% - 40% - 18:59
2 - 33% - 30% - 16:21
3 - 20% - 20% - 10:00
4 - 9% - 10% - 4:44
PP Forward
1 - 0% - 60%
2 - 0% - 40%
PP Defense
1 - 0% - 60%
2 - 0% - 40%
PK Forward
1 - 77% - 60% - 7:36
2 - 23% - 40% - 2:20
PK Defense
1 - 54% - 60% - 5:21
2 - 46% - 40% - 4:35
PK3 Forward
1 - 0% - 60%
2 - 0% - 40%
PK3 Defense
1 - 0% - 60%
2 - 0% - 40%
44 Forward
1 - 0% - 60%
2 - 0% - 40%
44 Defense
1 - 0% - 60%
2 - 0% - 40%
Last Minute Offensive - 0:00
Last Minute Defensive - 0:00
Total
Forward - 60:00
Defense - 60:00
|
% Time on Ice - Remparts
Lines # - Real PCT - Wanted PCT - Time Play
Normal Forward
1 - 33% - 40% - 16:21
2 - 27% - 30% - 13:39
3 - 23% - 20% - 11:39
4 - 17% - 10% - 8:25
Normal Defense
1 - 39% - 40% - 19:44
2 - 32% - 30% - 16:15
3 - 22% - 20% - 11:03
4 - 6% - 10% - 3:02
PP Forward
1 - 50% - 60% - 4:59
2 - 50% - 40% - 4:57
PP Defense
1 - 60% - 60% - 5:57
2 - 40% - 40% - 3:59
PK Forward
1 - 0% - 60%
2 - 0% - 40%
PK Defense
1 - 0% - 60%
2 - 0% - 40%
PK3 Forward
1 - 0% - 60%
2 - 0% - 40%
PK3 Defense
1 - 0% - 60%
2 - 0% - 40%
44 Forward
1 - 0% - 60%
2 - 0% - 40%
44 Defense
1 - 0% - 60%
2 - 0% - 40%
Last Minute Offensive - 0:00
Last Minute Defensive - 0:00
Total
Forward - 60:00
Defense - 60:00
|
Play by Play
1st period
0:01 of 1st period - Dainius Zubrus wins face-off versus Tyler Brenner in neutral zone.
0:40 of 1st period - Snap shot by Dainius Zubrus.
0:40 of 1st period - Shot Misses the Net.
0:42 of 1st period - Snap shot by Alex Galchenyuk.
0:42 of 1st period - Shot Misses the Net.
0:44 of 1st period - Snap shot by Ryan Strome.
0:44 of 1st period - Shot Blocked by Jonas Junland.
0:46 of 1st period - Snap shot by Cody Ceci.
0:46 of 1st period - Stopped by Sergei Bobrovsky with a rebound.
0:48 of 1st period - Slapshot by Cody Ceci.
0:48 of 1st period - Shot Misses the Net.
0:56 of 1st period - Slapshot by Kris Russell.
0:56 of 1st period - Shot Blocked by Shayne Gostisbehere.
0:58 of 1st period - Slapshot by Alex Galchenyuk.
0:58 of 1st period - Shot Misses the Net.
1:00 of 1st period - Slapshot by Kris Russell.
1:00 of 1st period - Shot Misses the Net.
1:02 of 1st period - Wrist shot by Dainius Zubrus.
1:02 of 1st period - Shot Misses the Net.
1:04 of 1st period - Wrist shot by Kris Russell.
1:04 of 1st period - Shot Misses the Net.
1:20 of 1st period - Snap shot by Dainius Zubrus.
1:20 of 1st period - Shot Misses the Net.
1:22 of 1st period - Snap shot by Dainius Zubrus.
1:22 of 1st period - Stopped by Sergei Bobrovsky with a rebound.
1:24 of 1st period - Slapshot by Kris Russell.
1:24 of 1st period - Stopped by Sergei Bobrovsky with a rebound.
1:26 of 1st period - Snap shot by Ryan Strome.
1:26 of 1st period - Stopped by Sergei Bobrovsky without a rebound.
1:27 of 1st period - Max Reinhart wins face-off versus Marc-André Cliche in Atomiques zone.
1:30 of 1st period - Snap shot by Daniel Paille.
1:30 of 1st period - Shot Misses the Net.
1:38 of 1st period - Wrist shot by Guillaume Desbiens.
1:38 of 1st period - Shot Blocked by Bobby Farnham.
1:40 of 1st period - Snap shot by Max Reinhart.
1:40 of 1st period - Stopped by Sergei Bobrovsky without a rebound.
1:41 of 1st period - Cédric Lalonde-McNicoll wins face-off versus Tyler Brenner in Atomiques zone.
2:06 of 1st period - Daniel Paille is hit by Dwight King and loses puck.
2:48 of 1st period - Cédric Lalonde-McNicoll is hit by Eric Mestery and loses puck.
3:24 of 1st period - Off-side.
3:25 of 1st period - Brett Sutter wins face-off versus Chris Mueller in neutral zone.
5:13 of 1st period - Wrist shot by Justin Williams.
5:13 of 1st period - Shot Misses the Net.
5:15 of 1st period - Wrist shot by Justin Williams.
5:15 of 1st period - Stopped by Sergei Bobrovsky with a rebound.
5:17 of 1st period - Slapshot by Michal Jordan.
5:17 of 1st period - Stopped by Sergei Bobrovsky with a rebound.
5:31 of 1st period - Minor Penalty to Tyler Brenner for Boarding.
5:32 of 1st period - Dainius Zubrus wins face-off versus Mike Halmo in Atomiques zone.
7:15 of 1st period - Jonas Junland is hit by Max Reinhart and loses puck.
7:31 of 1st period - Penalty to Tyler Brenner is over, Tyler Brenner is back on ice.
7:34 of 1st period - Shayne Gostisbehere is hit by Cédric Lalonde-McNicoll and loses puck.
8:07 of 1st period - Snap shot by Dwight King.
8:07 of 1st period - Stopped by Igor Bobkov with a rebound.
8:17 of 1st period - Snap shot by Daniel Paille.
8:17 of 1st period - Stopped by Sergei Bobrovsky without a rebound.
8:18 of 1st period - Max Reinhart wins face-off versus Andreas Engqvist in Atomiques zone.
8:21 of 1st period - Snap shot by Guillaume Desbiens.
8:21 of 1st period - Stopped by Sergei Bobrovsky with a rebound.
8:47 of 1st period - Off-side.
8:48 of 1st period - Cédric Lalonde-McNicoll wins face-off versus Tyler Brenner in neutral zone.
9:03 of 1st period - Icing by Kyle Wharton.
9:04 of 1st period - Tyler Brenner wins face-off versus Dainius Zubrus in Atomiques zone.
9:13 of 1st period - Slapshot by Kenndal McArdle.
9:13 of 1st period - Goal by Kenndal McArdle - Atomiques : 1 - Remparts : 0.
9:14 of 1st period - Dainius Zubrus wins face-off versus Bobby Farnham in neutral zone.
9:34 of 1st period - Kyle Wharton is hit by William Colbert.
9:46 of 1st period - Snap shot by Alex Galchenyuk.
9:46 of 1st period - Shot Misses the Net.
10:34 of 1st period - Backhand shot by Dwight King.
10:34 of 1st period - Shot Misses the Net.
10:50 of 1st period - Snap shot by Dwight King.
10:50 of 1st period - Stopped by Igor Bobkov with a rebound.
11:22 of 1st period - Steve McCarthy is hit by Dainius Zubrus and loses puck.
11:59 of 1st period - Slapshot by Ryan Strome.
11:59 of 1st period - Stopped by Sergei Bobrovsky with a rebound.
12:01 of 1st period - Snap shot by Alex Galchenyuk.
12:01 of 1st period - Stopped by Sergei Bobrovsky without a rebound.
12:02 of 1st period - Max Reinhart wins face-off versus Tyler Brenner in Atomiques zone.
12:48 of 1st period - Michal Jordan is hit by Andreas Engqvist and loses puck.
12:53 of 1st period - Snap shot by Brock McGinn.
12:53 of 1st period - Stopped by Igor Bobkov with a rebound.
12:55 of 1st period - Backhand shot by Eric Mestery.
12:55 of 1st period - Shot Blocked by Chris Mueller.
13:07 of 1st period - Wrist shot by Kenndal McArdle.
13:07 of 1st period - Shot Misses the Net.
14:09 of 1st period - Tyler Brenner is hit by Chris Mueller and loses puck.
15:02 of 1st period - Guillaume Desbiens is hit by Andreas Engqvist and loses puck.
15:11 of 1st period - Guillaume Desbiens is hit by Brock McGinn.
16:11 of 1st period - Icing by Eric Mestery.
16:12 of 1st period - Tyler Brenner wins face-off versus Max Reinhart in Atomiques zone.
16:53 of 1st period - Cédric Lalonde-McNicoll is hit by Tyler Brenner and loses puck.
17:32 of 1st period - Steve McCarthy is hit by Cédric Lalonde-McNicoll and loses puck.
17:52 of 1st period - Off-side.
17:53 of 1st period - Max Reinhart wins face-off versus Tyler Brenner in neutral zone.
18:00 of 1st period - Slapshot by Corey Tropp.
18:00 of 1st period - Shot Misses the Net.
18:02 of 1st period - Snap shot by Tyler Brenner.
18:02 of 1st period - Stopped by Igor Bobkov without a rebound.
18:03 of 1st period - Tyler Brenner wins face-off versus Dainius Zubrus in Remparts zone.
18:12 of 1st period - Slapshot by Alex Galchenyuk.
18:12 of 1st period - Shot Misses the Net.
18:31 of 1st period - Icing by Eric Mestery.
18:32 of 1st period - Cédric Lalonde-McNicoll wins face-off versus Marc-André Cliche in Atomiques zone.
19:00 of 1st period - Slapshot by Marc-André Cliche.
19:00 of 1st period - Goal by Marc-André Cliche - Atomiques : 2 - Remparts : 0.
19:01 of 1st period - Dainius Zubrus wins face-off versus Kenndal McArdle in neutral zone.
19:17 of 1st period - Snap shot by Alex Galchenyuk.
19:17 of 1st period - Stopped by Sergei Bobrovsky with a rebound.
19:23 of 1st period - Minor Penalty to Corey Tropp for Holding.
19:24 of 1st period - Tyler Brenner wins face-off versus Dainius Zubrus in Atomiques zone.
19:35 of 1st period - Snap shot by Alex Galchenyuk.
19:35 of 1st period - Shot Misses the Net.
19:37 of 1st period - Snap shot by Dainius Zubrus.
19:37 of 1st period - Shot Misses the Net.
19:39 of 1st period - Slapshot by Dainius Zubrus.
19:39 of 1st period - Shot Blocked by Steve McCarthy.
Goals for this period are 2 for Atomiques vs 0 for Remparts.
Shots for this period are 6 for Atomiques vs 12 for Remparts.
2nd period
0:01 of 2nd period - Tyler Brenner wins face-off versus Dainius Zubrus in neutral zone.
0:06 of 2nd period - Kyle Wharton is hit by Alex Galchenyuk and loses puck.
0:27 of 2nd period - Marc-André Cliche is hit by Guillaume Desbiens and loses puck.
0:48 of 2nd period - Shayne Gostisbehere is hit by Ryan Strome and loses puck.
1:23 of 2nd period - Penalty to Corey Tropp is over, Corey Tropp is back on ice.
1:36 of 2nd period - Snap shot by Andreas Engqvist.
1:36 of 2nd period - Deflect By Brock McGinn.
1:36 of 2nd period - Stopped by Igor Bobkov with a rebound.
1:52 of 2nd period - Erik Gustafsson is hit by Brett Sutter and loses puck.
2:27 of 2nd period - Wrist shot by Dwight King.
2:27 of 2nd period - Shot Misses the Net.
2:29 of 2nd period - Snap shot by Dwight King.
2:29 of 2nd period - Shot Misses the Net.
2:31 of 2nd period - Wrist shot by Bobby Farnham.
2:31 of 2nd period - Shot Misses the Net.
3:00 of 2nd period - Slapshot by Daniel Paille.
3:00 of 2nd period - Shot Misses the Net.
3:02 of 2nd period - Slapshot by Erik Gustafsson.
3:02 of 2nd period - Shot Misses the Net.
3:04 of 2nd period - Slapshot by Erik Gustafsson.
3:04 of 2nd period - Stopped by Sergei Bobrovsky with a rebound.
3:06 of 2nd period - Slapshot by Michal Jordan.
3:06 of 2nd period - Stopped by Sergei Bobrovsky with a rebound.
3:22 of 2nd period - Wrist shot by Andreas Engqvist.
3:22 of 2nd period - Shot Misses the Net.
3:24 of 2nd period - Slapshot by Max McCormick.
3:24 of 2nd period - Stopped by Igor Bobkov without a rebound.
3:25 of 2nd period - Max Reinhart wins face-off versus Marc-André Cliche in Remparts zone.
3:25 of 2nd period - Max Reinhart is hit by Dwight King.
3:35 of 2nd period - Dwight King is hit by Guillaume Desbiens and loses puck.
4:01 of 2nd period - Shayne Gostisbehere is hit by Cody Ceci and loses puck.
4:37 of 2nd period - Off-side.
4:38 of 2nd period - Marc-André Cliche wins face-off versus Chris Mueller in neutral zone.
5:03 of 2nd period - Erik Gustafsson is hit by Dwight King and loses puck.
5:14 of 2nd period - Slapshot by Kris Russell.
5:14 of 2nd period - Stopped by Sergei Bobrovsky without a rebound.
5:15 of 2nd period - Dainius Zubrus wins face-off versus Tyler Brenner in Atomiques zone.
5:40 of 2nd period - Cody Ceci is hit by Mitch Callahan and loses puck.
5:45 of 2nd period - Wrist shot by Andrew Kozek.
5:45 of 2nd period - Shot Misses the Net.
6:20 of 2nd period - Wrist shot by Marc-André Cliche.
6:20 of 2nd period - Deflect By Alex Galchenyuk.
6:20 of 2nd period - Shot Misses the Net.
6:20 of 2nd period - Puck is out of play.
6:21 of 2nd period - Bobby Farnham wins face-off versus Dainius Zubrus in Remparts zone.
6:22 of 2nd period - Slapshot by Dwight King.
6:22 of 2nd period - Stopped by Igor Bobkov without a rebound.
6:23 of 2nd period - Marc-André Cliche wins face-off versus Dainius Zubrus in Remparts zone.
7:05 of 2nd period - Guillaume Desbiens is hit by Tyler Brenner and loses puck.
7:18 of 2nd period - Slapshot by Andreas Engqvist.
7:18 of 2nd period - Stopped by Igor Bobkov with a rebound.
7:24 of 2nd period - Backhand shot by Kris Russell.
7:24 of 2nd period - Stopped by Sergei Bobrovsky without a rebound.
7:25 of 2nd period - Marc-André Cliche wins face-off versus Dainius Zubrus in Atomiques zone.
7:52 of 2nd period - Tyler Brenner is hit by Justin Williams.
7:53 of 2nd period - Tyler Brenner from Atomiques is injured at 7:53 of 2nd period (Strained Left Elbow).
7:54 of 2nd period - Darren Kramer wins face-off versus Dainius Zubrus in Atomiques zone.
8:01 of 2nd period - Snap shot by Dainius Zubrus.
8:01 of 2nd period - Shot Misses the Net.
8:03 of 2nd period - Snap shot by Ryan Strome.
8:03 of 2nd period - Stopped by Sergei Bobrovsky with a rebound.
8:07 of 2nd period - Snap shot by Dainius Zubrus.
8:07 of 2nd period - Goal by Dainius Zubrus - Atomiques : 2 - Remparts : 1.
8:08 of 2nd period - Ryan Strome wins face-off versus Darren Kramer in neutral zone.
8:11 of 2nd period - Corey Tropp is hit by Ryan Strome and loses puck.
8:18 of 2nd period - Slapshot by Steve McCarthy.
8:18 of 2nd period - Stopped by Igor Bobkov with a rebound.
8:20 of 2nd period - Snap shot by Corey Tropp.
8:20 of 2nd period - Shot Blocked by Kris Russell.
8:22 of 2nd period - Slapshot by Kyle Wharton.
8:22 of 2nd period - Deflect By Alex Galchenyuk.
8:22 of 2nd period - Stopped by Igor Bobkov with a rebound.
8:40 of 2nd period - Slapshot by Marc-André Cliche.
8:40 of 2nd period - Deflect By Bobby Farnham.
8:40 of 2nd period - Shot Misses the Net.
8:40 of 2nd period - Puck is out of play.
8:41 of 2nd period - Max Reinhart wins face-off versus Darren Kramer in Remparts zone.
8:41 of 2nd period - Max Reinhart is hit by Darren Kramer.
8:49 of 2nd period - Slapshot by Mike Weber.
8:49 of 2nd period - Shot Misses the Net.
8:51 of 2nd period - Snap shot by William Colbert.
8:51 of 2nd period - Shot Hit the Post.
9:27 of 2nd period - Cody Ceci is hit by Andrew Kozek and loses puck.
10:00 of 2nd period - Slapshot by Kris Russell.
10:00 of 2nd period - Stopped by Sergei Bobrovsky without a rebound.
10:01 of 2nd period - Max Reinhart wins face-off versus Andreas Engqvist in Atomiques zone.
10:08 of 2nd period - Backhand shot by Daniel Paille.
10:08 of 2nd period - Stopped by Sergei Bobrovsky without a rebound.
10:09 of 2nd period - Dainius Zubrus wins face-off versus Darren Kramer in Atomiques zone.
10:42 of 2nd period - Backhand shot by Brett Sutter.
10:42 of 2nd period - Shot Blocked by Alex Galchenyuk.
11:23 of 2nd period - Snap shot by Pasi Salonen.
11:23 of 2nd period - Shot Blocked by Corey Tropp.
11:48 of 2nd period - Off-side.
11:49 of 2nd period - Marc-André Cliche wins face-off versus Max Reinhart in neutral zone.
11:52 of 2nd period - Slapshot by Steve McCarthy.
11:52 of 2nd period - Shot Blocked by Kris Russell.
11:54 of 2nd period - Snap shot by Steve McCarthy.
11:54 of 2nd period - Deflect By Dwight King.
11:54 of 2nd period - Goal by Dwight King - Atomiques : 3 - Remparts : 1.
11:55 of 2nd period - Dainius Zubrus wins face-off versus Darren Kramer in neutral zone.
11:58 of 2nd period - Slapshot by Ryan Strome.
11:58 of 2nd period - Shot Blocked by Kenndal McArdle.
12:14 of 2nd period - Kris Russell is hit by Darren Kramer.
12:51 of 2nd period - Snap shot by Andrew Kozek.
12:51 of 2nd period - Shot Misses the Net.
12:53 of 2nd period - Wrist shot by Brett Sutter.
12:53 of 2nd period - Shot Misses the Net.
13:03 of 2nd period - Shayne Gostisbehere is hit by Dale Weise and loses puck.
13:26 of 2nd period - Corey Tropp is hit by Michal Jordan and loses puck.
13:47 of 2nd period - Colby Cohen is hit by Daniel Paille.
14:30 of 2nd period - Slapshot by Kenndal McArdle.
14:30 of 2nd period - Stopped by Igor Bobkov without a rebound.
14:31 of 2nd period - Darren Kramer wins face-off versus Chris Mueller in Remparts zone.
14:34 of 2nd period - Wrist shot by Kenndal McArdle.
14:34 of 2nd period - Shot Misses the Net.
14:36 of 2nd period - Snap shot by Corey Tropp.
14:36 of 2nd period - Stopped by Igor Bobkov with a rebound.
14:38 of 2nd period - Slapshot by Kenndal McArdle.
14:38 of 2nd period - Deflect By Corey Tropp.
14:38 of 2nd period - Stopped by Igor Bobkov with a rebound.
14:40 of 2nd period - Snap shot by Corey Tropp.
14:40 of 2nd period - Deflect By Kenndal McArdle.
14:40 of 2nd period - Shot Blocked by Dale Weise.
14:40 of 2nd period - Puck is out of play.
14:41 of 2nd period - Dainius Zubrus wins face-off versus Darren Kramer in Remparts zone.
15:18 of 2nd period - Snap shot by Marc-André Cliche.
15:18 of 2nd period - Shot Blocked by Daniel Paille.
15:24 of 2nd period - Steve McCarthy is hit by Guillaume Desbiens and loses puck.
15:29 of 2nd period - Snap shot by Daniel Paille.
15:29 of 2nd period - Shot Blocked by Marc-André Cliche.
15:37 of 2nd period - Slapshot by Guillaume Desbiens.
15:37 of 2nd period - Shot Misses the Net.
15:39 of 2nd period - Slapshot by Kris Russell.
15:39 of 2nd period - Shot Blocked by Kyle Wharton.
15:41 of 2nd period - Snap shot by Daniel Paille.
15:41 of 2nd period - Shot Misses the Net.
15:43 of 2nd period - Wrist shot by Daniel Paille.
15:43 of 2nd period - Stopped by Sergei Bobrovsky with a rebound.
15:52 of 2nd period - Minor Penalty to Bobby Farnham for Tripping.
15:53 of 2nd period - Dainius Zubrus wins face-off versus Mike Halmo in Atomiques zone.
15:53 of 2nd period - Snap shot by Alex Galchenyuk.
15:53 of 2nd period - Stopped by Sergei Bobrovsky with a rebound.
15:55 of 2nd period - Snap shot by Dainius Zubrus.
15:55 of 2nd period - Shot Misses the Net.
16:09 of 2nd period - Wrist shot by Kenndal McArdle.
16:09 of 2nd period - Stopped by Igor Bobkov with a rebound.
16:56 of 2nd period - Dainius Zubrus is hit by Steve McCarthy.
17:41 of 2nd period - Icing by Cody Ceci.
17:42 of 2nd period - Pasi Salonen wins face-off versus Mike Halmo in Remparts zone.
17:52 of 2nd period - Penalty to Bobby Farnham is over, Bobby Farnham is back on ice.
18:05 of 2nd period - Max McCormick is hit by Dale Weise.
18:31 of 2nd period - Snap shot by Pasi Salonen.
18:31 of 2nd period - Shot Misses the Net.
19:11 of 2nd period - Wrist shot by Justin Williams.
19:11 of 2nd period - Stopped by Sergei Bobrovsky without a rebound.
19:12 of 2nd period - Cédric Lalonde-McNicoll wins face-off versus Marc-André Cliche in Atomiques zone.
19:37 of 2nd period - Cody Ceci is hit by Jonas Junland and loses puck.
Goals for this period are 1 for Atomiques vs 1 for Remparts.
Shots for this period are 11 for Atomiques vs 11 for Remparts.
3rd period
0:01 of 3rd period - Dainius Zubrus wins face-off versus Darren Kramer in neutral zone.
0:10 of 3rd period - Slapshot by Alex Galchenyuk.
0:10 of 3rd period - Deflect By Ryan Strome.
0:10 of 3rd period - Shot Misses the Net.
0:10 of 3rd period - Puck is out of play.
0:11 of 3rd period - Dainius Zubrus wins face-off versus Darren Kramer in Atomiques zone.
0:24 of 3rd period - Snap shot by Alex Galchenyuk.
0:24 of 3rd period - Shot Blocked by Kyle Wharton.
0:47 of 3rd period - Slapshot by Jonas Junland.
0:47 of 3rd period - Stopped by Igor Bobkov without a rebound.
0:48 of 3rd period - Alex Galchenyuk wins face-off versus Brett Sutter in Remparts zone.
0:57 of 3rd period - Slapshot by Mike Weber.
0:57 of 3rd period - Deflect By Dainius Zubrus.
0:57 of 3rd period - Shot Misses the Net.
0:57 of 3rd period - Puck is out of play.
0:58 of 3rd period - Mitch Callahan wins face-off versus Dainius Zubrus in Atomiques zone.
1:35 of 3rd period - Wrist shot by Dainius Zubrus.
1:35 of 3rd period - Shot Misses the Net.
1:43 of 3rd period - Snap shot by Alex Galchenyuk.
1:43 of 3rd period - Shot Blocked by Andrew Kozek.
1:45 of 3rd period - Slapshot by Dainius Zubrus.
1:45 of 3rd period - Shot Misses the Net.
1:47 of 3rd period - Slapshot by Ryan Strome.
1:47 of 3rd period - Stopped by Sergei Bobrovsky without a rebound.
1:48 of 3rd period - Max Reinhart wins face-off versus Darren Kramer in Atomiques zone.
2:01 of 3rd period - Snap shot by Guillaume Desbiens.
2:01 of 3rd period - Stopped by Sergei Bobrovsky with a rebound.
2:03 of 3rd period - Snap shot by Cody Ceci.
2:03 of 3rd period - Shot Misses the Net.
2:19 of 3rd period - Slapshot by Kyle Wharton.
2:19 of 3rd period - Stopped by Igor Bobkov without a rebound.
2:20 of 3rd period - Chris Mueller wins face-off versus Marc-André Cliche in Remparts zone.
2:20 of 3rd period - Chris Mueller is hit by Marc-André Cliche.
2:25 of 3rd period - Minor Penalty to Bobby Farnham for Hooking.
2:26 of 3rd period - Mike Halmo wins face-off versus Dainius Zubrus in Atomiques zone.
2:52 of 3rd period - Mike Weber is hit by Kenndal McArdle and loses puck.
3:19 of 3rd period - Jonas Junland is hit by Daniel Paille and loses puck.
3:41 of 3rd period - Dwight King is hit by Kris Russell and loses puck.
4:17 of 3rd period - Snap shot by Daniel Paille.
4:17 of 3rd period - Shot Misses the Net.
4:19 of 3rd period - Slapshot by Kris Russell.
4:19 of 3rd period - Deflect By Max Reinhart.
4:19 of 3rd period - Shot Blocked by Dwight King.
4:19 of 3rd period - Puck is out of play.
4:20 of 3rd period - Dainius Zubrus wins face-off versus Mike Halmo in Atomiques zone.
4:25 of 3rd period - Penalty to Bobby Farnham is over, Bobby Farnham is back on ice.
4:49 of 3rd period - Snap shot by Chris Mueller.
4:49 of 3rd period - Stopped by Sergei Bobrovsky with a rebound.
4:55 of 3rd period - Slapshot by Patrick Maroon.
4:55 of 3rd period - Shot Blocked by Mike Halmo.
4:57 of 3rd period - Backhand shot by Cody Ceci.
4:57 of 3rd period - Shot Blocked by Kenndal McArdle.
5:09 of 3rd period - Wrist shot by Andrew Kozek.
5:09 of 3rd period - Deflect By Brett Sutter.
5:09 of 3rd period - Stopped by Igor Bobkov without a rebound.
5:10 of 3rd period - Cédric Lalonde-McNicoll wins face-off versus Brett Sutter in Remparts zone.
5:10 of 3rd period - Cédric Lalonde-McNicoll is hit by Brett Sutter.
5:20 of 3rd period - Slapshot by Mike Weber.
5:20 of 3rd period - Shot Misses the Net.
5:22 of 3rd period - Slapshot by Cédric Lalonde-McNicoll.
5:22 of 3rd period - Shot Misses the Net.
6:12 of 3rd period - Snap shot by Cédric Lalonde-McNicoll.
6:12 of 3rd period - Stopped by Sergei Bobrovsky with a rebound.
6:14 of 3rd period - Slapshot by Justin Williams.
6:14 of 3rd period - Shot Misses the Net.
6:16 of 3rd period - Slapshot by Justin Williams.
6:16 of 3rd period - Deflect By Andrew Kozek.
6:16 of 3rd period - Stopped by Sergei Bobrovsky with a rebound.
6:18 of 3rd period - Slapshot by Kris Russell.
6:18 of 3rd period - Stopped by Sergei Bobrovsky with a rebound.
6:24 of 3rd period - Wrist shot by Cédric Lalonde-McNicoll.
6:24 of 3rd period - Stopped by Sergei Bobrovsky without a rebound.
6:25 of 3rd period - Dainius Zubrus wins face-off versus Darren Kramer in Atomiques zone.
6:52 of 3rd period - Minor Penalty to Bobby Farnham for Hooking.
6:53 of 3rd period - Dainius Zubrus wins face-off versus Mike Halmo in Atomiques zone.
7:08 of 3rd period - Snap shot by Alex Galchenyuk.
7:08 of 3rd period - Shot Misses the Net.
8:52 of 3rd period - Penalty to Bobby Farnham is over, Bobby Farnham is back on ice.
9:04 of 3rd period - Snap shot by Andreas Engqvist.
9:04 of 3rd period - Shot Misses the Net.
9:07 of 3rd period - Icing by Cody Ceci.
9:08 of 3rd period - Chris Mueller wins face-off versus Marc-André Cliche in Remparts zone.
9:13 of 3rd period - Dwight King is hit by Cody Ceci and loses puck.
9:42 of 3rd period - Snap shot by Patrick Maroon.
9:42 of 3rd period - Stopped by Sergei Bobrovsky without a rebound.
9:43 of 3rd period - Alex Galchenyuk wins face-off versus Darren Kramer in Atomiques zone.
9:43 of 3rd period - Alex Galchenyuk is hit by Kyle Wharton.
9:50 of 3rd period - Minor Penalty to Kyle Wharton for Tripping.
9:51 of 3rd period - Ryan Strome wins face-off versus Mike Halmo in Atomiques zone.
9:51 of 3rd period - Wrist shot by Alex Galchenyuk.
9:51 of 3rd period - Goal by Alex Galchenyuk - Atomiques : 3 - Remparts : 2.
9:52 of 3rd period - Dainius Zubrus wins face-off versus Darren Kramer in neutral zone.
9:57 of 3rd period - Snap shot by Alex Galchenyuk.
9:57 of 3rd period - Shot Misses the Net.
10:22 of 3rd period - Wrist shot by Dwight King.
10:22 of 3rd period - Stopped by Igor Bobkov without a rebound.
10:23 of 3rd period - Max Reinhart wins face-off versus Bobby Farnham in Remparts zone.
10:23 of 3rd period - Max Reinhart is hit by Marc-André Cliche.
10:38 of 3rd period - Slapshot by Dwight King.
10:38 of 3rd period - Shot Blocked by William Colbert.
10:57 of 3rd period - Icing by Shayne Gostisbehere.
10:58 of 3rd period - Max Reinhart wins face-off versus Darren Kramer in Atomiques zone.
11:33 of 3rd period - Wrist shot by Alex Galchenyuk.
11:33 of 3rd period - Stopped by Sergei Bobrovsky without a rebound.
11:34 of 3rd period - Max Reinhart wins face-off versus Darren Kramer in Atomiques zone.
11:41 of 3rd period - Snap shot by Daniel Paille.
11:41 of 3rd period - Stopped by Sergei Bobrovsky without a rebound.
11:42 of 3rd period - Max Reinhart wins face-off versus Darren Kramer in Atomiques zone.
12:17 of 3rd period - Snap shot by Alex Galchenyuk.
12:17 of 3rd period - Stopped by Sergei Bobrovsky with a rebound.
12:37 of 3rd period - Wrist shot by Andrew Kozek.
12:37 of 3rd period - Stopped by Igor Bobkov with a rebound.
12:51 of 3rd period - Wrist shot by Andreas Engqvist.
12:51 of 3rd period - Goal by Andreas Engqvist - Atomiques : 4 - Remparts : 2.
12:52 of 3rd period - Dainius Zubrus wins face-off versus Darren Kramer in neutral zone.
12:55 of 3rd period - Jonas Junland is hit by Dainius Zubrus and loses puck.
13:02 of 3rd period - Wrist shot by Alex Galchenyuk.
13:02 of 3rd period - Stopped by Sergei Bobrovsky with a rebound.
13:30 of 3rd period - Max Reinhart is hit by Marc-André Cliche and loses puck.
13:45 of 3rd period - Slapshot by Shayne Gostisbehere.
13:45 of 3rd period - Shot Blocked by Erik Gustafsson.
13:47 of 3rd period - Slapshot by Jonas Junland.
13:47 of 3rd period - Shot Blocked by Michal Jordan.
13:49 of 3rd period - Snap shot by Mitch Callahan.
13:49 of 3rd period - Shot Blocked by Michal Jordan.
13:51 of 3rd period - Slapshot by Jonas Junland.
13:51 of 3rd period - Stopped by Igor Bobkov with a rebound.
13:53 of 3rd period - Wrist shot by Andrew Kozek.
13:53 of 3rd period - Shot Hit the Post.
14:08 of 3rd period - Kenndal McArdle is hit by Dale Weise.
14:42 of 3rd period - Snap shot by Alex Galchenyuk.
14:42 of 3rd period - Shot Blocked by Steve McCarthy.
14:44 of 3rd period - Slapshot by Michal Jordan.
14:44 of 3rd period - Stopped by Sergei Bobrovsky without a rebound.
14:45 of 3rd period - Daniel Paille wins face-off versus Marc-André Cliche in Atomiques zone.
15:24 of 3rd period - Wrist shot by Max Reinhart.
15:24 of 3rd period - Goal by Max Reinhart - Atomiques : 4 - Remparts : 3.
15:25 of 3rd period - Dainius Zubrus wins face-off versus Brett Sutter in neutral zone.
16:14 of 3rd period - Wrist shot by Daniel Paille.
16:14 of 3rd period - Stopped by Sergei Bobrovsky with a rebound.
17:23 of 3rd period - Slapshot by Kyle Wharton.
17:23 of 3rd period - Shot Blocked by Cody Ceci.
18:41 of 3rd period - Snap shot by Bobby Farnham.
18:41 of 3rd period - Goal by Bobby Farnham - Atomiques : 5 - Remparts : 3.
18:42 of 3rd period - Cédric Lalonde-McNicoll wins face-off versus Andrew Kozek in neutral zone.
18:51 of 3rd period - Wrist shot by Andrew Kozek.
18:51 of 3rd period - Goal by Andrew Kozek - Atomiques : 6 - Remparts : 3.
18:52 of 3rd period - Darren Kramer wins face-off versus Dainius Zubrus in neutral zone.
19:03 of 3rd period - Snap shot by Alex Galchenyuk.
19:03 of 3rd period - Shot Blocked by Kyle Wharton.
Goals for this period are 3 for Atomiques vs 2 for Remparts.
Shots for this period are 9 for Atomiques vs 16 for Remparts.
Back to the Top